 Dungeon Crawl Stone Soup version 0.27-a0-972-gd1521fd518 (webtiles) character file.

Game seed: 882696419570278264

105 spiderkeys the Skirmisher (level 4, -5/35 HPs)
             Began as a Demonspawn Abyssal Knight on Apr 14, 2021.
             Was a Follower of Lugonu.
             Killed from afar by Grinder (13 damage)
             ... with a puff of flame
             ... on level 3 of the Dungeon.
             The game lasted 00:03:15 (2854 turns).

spiderkeys the Skirmisher (DsAK)                    Turns: 2854, Time: 00:03:15

Health: -5/35      AC:  3    Str: 13    XL:     4   Next: 53%
Magic:  6/6        EV: 11    Int: 14    God:    Lugonu [*.....]
Gold:   257        SH:  0    Dex: 12    Spells: 3/3 levels left

rFire    . . .     SeeInvis .   h - +2 quarterstaff (spect)
rCold    . . .     Faith    .   (shield currently unavailable)
rNeg     . . .     Spirit   .   i - +0 leather armour {Will+}
rPois    .         Reflect  .   (helmet restricted)
rElec    .         Harm     .   (no cloak)
rCorr    .         Rampage  .   (no gloves)
Will     +....                  (no boots)
Stlth    +.........             (no amulet)
HPRegen  0.11/turn              (no ring)
MPRegen  0.10/turn              (no ring)

@: no status effects
A: antennae 2, powered by death 1
a: Renounce Religion, Depart the Abyss


You were on level 3 of the Dungeon.
You worshipped Lugonu.
Lugonu was aware of your devotion.
You visited 1 branch of the dungeon, and saw 3 of its levels.
You visited the Abyss 1 time.

You collected 257 gold pieces.

Inventory:

Hand Weapons
 a - a +2 spear
 h - a +2 spectral quarterstaff (weapon)
Missiles
 d - 7 javelins
Armour
 b - a +1 leather armour
 i - a +0 leather armour of willpower (worn)
Scrolls
 c - a scroll of magic mapping {unknown}
 e - a scroll of amnesia {unknown}
 g - a scroll of identify {unknown}
Potions
 f - a potion of ambrosia {unknown}
 j - a potion of curing {unknown}


   Skills:
 + Level 3.4 Fighting
 * Level 2.9 Polearms
 + Level 2.4 Armour
 + Level 1.6 Dodging
 + Level 3.3 Invocations


You had 3 spell levels left.
You didn't know any spells.
Your spell library was empty.

Dungeon Overview and Level Annotations

Branches:
Dungeon (3/15)

Altars:

Shops:
D:1 :

Annotations:
D:3 2 runed translucent doors, Grinder


Innate Abilities, Weirdness & Mutations

You have a pair of antennae on your head.
You regenerate a little health from kills.


Message History

No target in view!
Key pressed, stopping explore.
Found a scale mail.
Natasha, Servant of Life and Death comes into view.
Natasha hisses angrily.
A frilled lizard comes into view.
Natasha extends her claws.
You hit Natasha.
Natasha is moderately wounded.
Your spectral weapon hits Natasha!
You kill Natasha!
Lugonu accepts your kill.
Suddenly Natasha's spirit rises from her lifeless body.
The frilled lizard bites you but does no damage.
You see here the felid corpse of Natasha.
You sock the frilled lizard!
You kill the frilled lizard!
Lugonu accepts your kill.
No target in view!
No target in view!
No target in view!
No target in view!
You see here a +0 scale mail.
You sense a monster nearby.
Grinder comes into view.
She is carrying a wand of flame (22).
Grinder shouts!
Grinder zaps a wand.
The puff of flame hits you!
Found a chain mail.
Okay, then.
Grinder hits you!
You are too injured to fight recklessly!
You are too injured to fight recklessly!
You are too injured to fight recklessly!
You are too injured to fight recklessly!
You barely miss Grinder.
Grinder zaps a wand.
The puff of flame hits you.
* * * LOW HITPOINT WARNING * * *
You closely miss Grinder. Grinder gestures at you. You resist with some effort.
Grinder zaps a wand.
The puff of flame hits you!
You die...

### #[. #.# #.#
#.# #.# #.# #.#
#.# #5# #.#
#@###########.####
#........[..#.#...
###########.#..#.#
######...###.
#......#..#.#
#.####.#.#.##
#.#.#.# #.#†.§#
#.#.###


You could see Grinder.

Vanquished Creatures
  Natasha (D:3)
  A gnoll (D:1)
  2 adders
  A worm (D:3)
  3 dart slugs
  2 orcs (D:3)
  2 endoplasms (D:1)
  A giant cockroach (D:1)
  5 goblins
  A hobgoblin (D:1)
  7 jackals
  3 ball pythons
  3 bats (D:1)
  3 frilled lizards
  3 kobolds (D:1)
  7 rats
45 creatures vanquished.

Notes
Turn   | Place    | Note
-------+----------+-------------------------------------------
     0 | Abyss:1  | spiderkeys the Demonspawn Abyssal Knight began the quest
                  | for the Orb.
     0 | Abyss:1  | Reached XP level 1. HP: 18/18 MP: 2/2
   119 | Abyss:2  | Noticed an apocalypse crab
   123 | Abyss:2  | Noticed a sixfirhy
   127 | Abyss:2  | Noticed a demonic crawler
   130 | D:1      | Escaped the Abyss
   916 | D:1      | Reached skill level 1 in Dodging
   916 | D:1      | Gained mutation: You regenerate a little health from kills.
                  | [demonic ancestry]
   916 | D:1      | Reached XP level 2. HP: 22/24 MP: 4/4
  1128 | D:1      | Reached * piety under Lugonu
  1228 | D:1      | Gained mutation: You have a pair of small antennae on your
                  | head. [demonic ancestry]
  1228 | D:1      | Reached XP level 3. HP: 28/29 MP: 5/5
  1287 | D:1      | Found Qynwiraf's Book Shop.
  2650 | D:3      | Gained mutation: You have a pair of antennae on your head.
                  | [demonic ancestry]
  2650 | D:3      | Reached XP level 4. HP: 35/35 MP: 6/6
  2698 | D:3      | Found a large runed translucent door.
  2698 | D:3      | Found a large runed translucent door.
  2826 | D:3      | Noticed Natasha
  2829 | D:3      | Killed Natasha
  2849 | D:3      | Noticed Grinder
  2854 | D:3      | Killed from afar by Grinder

Illustrated notes

Levels and vault maps discovered:
D:1:      amcnicky_arrival_gap_in_the_tavern_cellar, layout_loops_corners,
          serial_shops, shop_statue, minmay_pentomino_p2
D:2:      layout_loops_cross
D:3:      layout_loops_ring, chequers_ecumenical_altar_grove,
          ebering_ghost_disaster_area, uniq_natasha, uniq_grinder

Skill      XL: |  1  2  3 |
---------------+----------+-----
Polearms       | 2 |  2.9
Dodging        | 1 |  1.6
Armour         | 2 |  2.4
Invocations    | 3 |  3.3
Fighting       | |  3.4

Action                   |  1- 3 |  4- 6 || total
-------------------------+-------+-------++-------
Melee: Spear             |   106 |       ||   106
       Quarterstaff      |     9 |    15 ||    24
Invok: Depart the Abyss  |     1 |       ||     1
  Use: Scroll            |     3 |       ||     3
       Potion            |     1 |       ||     1
 Stab: Sleeping          |     1 |       ||     1
Armor: Leather armour    |    21 |     2 ||    23
Dodge: Dodged            |    50 |     3 ||    53

Table legend: (Time is in decaauts)
 A = Elapsed time spent in this place.
 B = Non-inter-level travel time spent in this place.
 C = Inter-level travel time spent in this place.
 D = Time resting spent in this place.
 E = Time spent auto-exploring this place.
 F = Levels seen in this place.
 G = Mean time per level.
                   A        B        C        D        E       F      G
               +--------+--------+--------+--------+--------+-----+--------+
         Total |   2856 |   2762 |     94 |    761 |   1613 |   5 |  571.2 |
       Dungeon |   2726 |   2632 |     94 |    761 |   1600 |   3 |  908.7 |
         Abyss |    129 |    129 |      0 |      0 |     13 |   2 |   64.5 |
               +--------+--------+--------+--------+--------+-----+--------+

Top non-repeatable levels by time:
     D:1: 1792 daAuts
     D:2: 611 daAuts
     D:3: 323 daAuts
 Abyss:2: 85 daAuts
 Abyss:1: 44 daAuts
